 Dungeon Crawl Stone Soup version 0.29-a0-111-gbaf749a769 (webtiles) character file.

Game seed: 832345584640669957

441 Ordine the Magician (level 6, -1/35 HPs)
             Began as a Deep Elf Fire Elementalist on Feb 18, 2022.
             Slain by a neqoxec (9 damage)
             ... summoned by a kobold demonologist
             ... on level 7 of the Dungeon.
             The game lasted 00:15:02 (4543 turns).

Ordine the Magician (Deep Elf Fire Elementalist)    Turns: 4543, Time: 00:15:02

Health: -1/35      AC:  3    Str: 11    XL:     6   Next: 70%
Magic:  7/15       EV: 28    Int: 22    God:
Gold:   158        SH:  0    Dex: 15    Spells: 10/14 levels left

rFire   . . .      SeeInvis .   v - +0 dagger (venom)
rCold   . . .      Faith    .   (no shield)
rNeg    . . .      Spirit   .   a - +0 robe
rPois   .          Reflect  .   (no helmet)
rElec   .          Harm     .   (no cloak)
rCorr   .          Rampage  .   l - +0 pair of gloves
Will    .....                   (no boots)
Stlth   +++.......              b - amulet of the acrobat
HPRegen 0.11/turn               n - +6 ring of strength
MPRegen 0.14/turn               x - ring of flight

@: acrobatic, flying
A: no striking features
a: no special abilities


You were on level 7 of the Dungeon.
You visited 1 branch of the dungeon, and saw 6 of its levels.

You collected 158 gold pieces.

Inventory:

Hand Weapons
 t - a +1 dagger of speed
 v - a +0 dagger of venom (weapon)
Armour
 a - a +0 robe (worn)
 l - a +0 pair of gloves (worn)
Jewellery
 b - an amulet of the acrobat (around neck)
 n - a +6 ring of strength (left hand)
 x - a ring of flight (right hand)
Wands
 p - a wand of flame (14)
 u - a wand of polymorph (7)
Scrolls
 d - 2 scrolls of immolation {unknown}
 e - 2 scrolls of vulnerability {unknown}
 h - 6 scrolls of identify {unknown}
 i - a scroll of teleportation {unknown}
 j - 2 scrolls of amnesia {unknown}
 o - a scroll of enchant weapon {unknown}
 r - 2 scrolls of blinking {unknown}
 y - a scroll of fear {unknown}
Potions
 c - 2 potions of magic {unknown}
 f - a potion of flight {unknown}
 g - 2 potions of heal wounds {unknown}
 k - 3 potions of might {unknown}
 m - 3 potions of curing {unknown}
 q - a potion of lignification {unknown}
 s - a potion of degeneration {unknown}
 w - a potion of brilliance {unknown}


   Skills:
 + Level 2.1 Fighting
 + Level 4.0 Dodging
 + Level 4.3 Stealth
 + Level 4.8 Spellcasting
 + Level 3.1 Conjurations
 + Level 4.4 Fire Magic


You had 10 spell levels left.
You knew the following spells:

 Your Spells              Type           Power      Damage    Failure   Level
a - Foxfire               Conj/Fire      88%        2x1d8     2%          1
b - Inner Flame           Hex/Fire       15%        N/A       12%         3

Your spell library contained the following spells:

 Spells                   Type           Power      Damage    Failure   Level
 Scorch                   Fire           50%        2d8       2%          2
 Conjure Flame            Conj/Fire      22%        6-21      6%          3
 Animate Skeleton         Necr           10%        N/A       11%         1
 Apportation              Tloc           10%        N/A       11%         1
 Summon Small Mammal      Summ           20%        N/A       11%         1
 Flame Wave               Conj/Fire      22%        2d7       22%         4
 Portal Projectile        Hex/Tloc       10%        N/A       30%         3
 Blade Hands              Tmut           2%         N/A       96%         5
 Excruciating Wounds      Necr           2%         N/A       96%         5


Dungeon Overview and Level Annotations

Branches:
Dungeon (5/15)
 Temple: D:4-7

Altars:
Okawaru

Shops:
D:4 *


Message History

The foxfire hits the centaur skeleton.
The centaur skeleton is lightly damaged.
Casting: Foxfire (safe; 2% risk of failure)
Confirm with . or Enter, or press ? or * to list all spells.
You conjure some foxfire!
The centaur skeleton barely misses you.
The centaur skeleton kicks you but does no damage.
The centaur zombie completely misses you.
The centaur zombie barely misses you.
The kobold demonologist mumbles some strange words.
The centaur skeleton barely misses you.
The centaur skeleton kicks you but does no damage.
The centaur zombie closely misses you. The centaur zombie barely misses you.
Casting: Foxfire (safe; 2% risk of failure)
Confirm with . or Enter, or press ? or * to list all spells.
You conjure some foxfire!
The foxfire hits the centaur skeleton.
The centaur skeleton is moderately damaged.
The foxfire hits the neqoxec!
The neqoxec is moderately wounded.
The centaur zombie misses you. The centaur zombie closely misses you.
The centaur skeleton hits you but does no damage.
The centaur skeleton kicks you.
The kobold demonologist closely misses you.
The neqoxec hits you.
Unknown command.
You hit the kobold demonologist.
The kobold demonologist is poisoned.
The kobold demonologist is severely wounded.
The foxfire hits the neqoxec!
The neqoxec is heavily wounded.
The foxfire hits the kobold demonologist.
The kobold demonologist is almost dead.
The centaur zombie barely misses you. x2; The centaur skeleton hits you.
The centaur skeleton closely misses you.
The kobold demonologist looks encouraged for a moment.
The neqoxec closely misses you.
The kobold demonologist looks encouraged for a moment.
The centaur skeleton hits you.
* * * LOW HITPOINT WARNING * * *
The centaur skeleton kicks you but does no damage.
The neqoxec hits you!
You die...

...............
..............#
.............##
..............##
...............#
................
.......K........
.......ZZ.......
.......@3.......
.#..............
................
................
##..............
##....###......
#.... #.....
..... #...


You could see a kobold demonologist (very poisoned), a neqoxec (summoned), a
centaur zombie and a centaur skeleton.

Vanquished Creatures
  2 hounds (D:4)
  A jelly (D:4)
  An orc priest (D:3)
  Crazy Yiuf (D:3)
  Natasha (thrice) (D:2)
  An orc wizard (D:3)
  Robin (D:3)
  7 adders
  2 ufetubi
  2 worms
  10 dart slugs
  An orc (D:3)
  6 bats
  5 endoplasms
  3 giant cockroaches
  16 goblins
  5 hobgoblins
  13 kobolds
  2 quokkas
  3 ball pythons
  2 frilled lizards
  6 rats
93 creatures vanquished.

Vanquished Creatures (collateral kills)
  A foxfire (D:3)
1 creature vanquished.

Vanquished Creatures (others)
  358 foxfires
358 creatures vanquished.

Grand Total: 452 creatures vanquished

Notes
Turn   | Place    | Note
-------+----------+-------------------------------------------
     0 | D:1      | Ordine the Deep Elf Fire Elementalist began the quest for
                  | the Orb.
     0 | D:1      | Reached XP level 1. HP: 10/10 MP: 6/6
   388 | D:1      | Reached XP level 2. HP: 15/15 MP: 5/8
   974 | D:2      | Noticed Natasha
  1122 | D:2      | Reached XP level 3. HP: 20/20 MP: 3/9
  1126 | D:2      | Learned a level 3 spell: Inner Flame
  1779 | D:2      | Reached skill level 1 in Fighting
  1779 | D:2      | Reached XP level 4. HP: 25/25 MP: 6/11
  1820 | D:2      | Killed Natasha
  2423 | D:2      | Noticed Natasha
  2432 | D:2      | Killed Natasha
  2497 | D:2      | Noticed Natasha
  2502 | D:2      | Killed Natasha
  2503 | D:2      | Reached XP level 5. HP: 27/29 MP: 7/13
  3211 | D:3      | Found an iron altar of Okawaru.
  3297 | D:3      | Noticed Robin
  3335 | D:3      | Killed Robin
  3336 | D:3      | Reached XP level 6. HP: 35/35 MP: 2/14
  3479 | D:3      | Found a faded altar of an unknown god.
  3822 | D:3      | Found a runed translucent door.
  3823 | D:3      | Noticed Crazy Yiuf
  3836 | D:3      | Killed Crazy Yiuf
  4417 | D:4      | Found Darchatruu's Lightly-Used Armoury.
  4526 | D:5      | Entered Level 5 of the Dungeon
  4526 | D:5      | You are sucked into a shaft and drop 2 floors!
  4526 | D:7      | Noticed a kobold demonologist
  4541 | D:7      | Noticed a neqoxec
  4543 | D:7      | Slain by a neqoxec

Illustrated notes

Levels and vault maps discovered:
D:1:      minmay_arrival_four_circles, layout_basic, minmay_quantized
D:2:      layout_loops_corners, nrook_mini_backslash, uniq_natasha
D:3:      layout_loops_ring, mainiacjoe_overflow_boulevard, serial_glass,
          glass_columns_c, glass_columns_a, shapermc_ecumenical_altar_pompeii,
          uniq_crazy_yiuf_cottage, uniq_robin
D:4:      kennysheep_slugbush, layout_cave_pools, minmay_misc_feat_columns,
          minmay_shop_damaged
D:5:      minmay_angry_zag, layout_cave_pools, good_gods_mini_temple,
          nicolae_uskayaw_en_pointe, serial_gnoll_camp, gnoll_camp_mini_hut,
          gnoll_camp_mini_house, gnoll_camp_mini_shop,
          gnoll_camp_mini_loothouse, gnoll_camp_mini_shop, uniq_eustachio,
          uniq_duvessa, uniq_prince_ribbit1
D:7:      statuecave_lemuel, layout_layer_cave, nicolae_overflow_hidden_temple,
          nemelex_spade_bored_becter, minmay_temple_entry_glassed_door

Skill      XL: |  1  2  3  4  5  6 |
---------------+-------------------+-----
Stealth        | 3 4 |  4.3
Dodging        | 3 4 |  4.0
Fighting       | 1 2 |  2.1
Conjurations   | 2 3 |  3.1
Spellcasting   | 4 |  4.8
Fire Magic     | 4 |  4.4

Action                   |  1- 3 |  4- 6 || total
-------------------------+-------+-------++-------
Melee: Dagger            |       |     1 ||     1
 Cast: Foxfire           |    73 |   160 ||   233
       Inner Flame       |       |     1 ||     1
Evoke: Wand              |       |     2 ||     2
Armor: Robe              |     4 |    10 ||    14
       Skin              |       |     2 ||     2
Dodge: Dodged            |     8 |    34 ||    42

Table legend: (Time is in decaauts)
 A = Elapsed time spent in this place.
 B = Non-inter-level travel time spent in this place.
 C = Inter-level travel time spent in this place.
 D = Time resting spent in this place.
 E = Time spent auto-exploring this place.
 F = Levels seen in this place.
 G = Mean time per level.
                   A        B        C        D        E       F      G
               +--------+--------+--------+--------+--------+-----+--------+
         Total |   4546 |   4451 |     95 |    423 |   3430 |   6 |  757.7 |
       Dungeon |   4546 |   4451 |     95 |    423 |   3430 |   6 |  757.7 |
               +--------+--------+--------+--------+--------+-----+--------+

Top non-repeatable levels by time:
     D:2: 1570 daAuts
     D:3: 1285 daAuts
     D:1: 1053 daAuts
     D:4: 620 daAuts
     D:7: 16 daAuts
